 Dungeon Sprint DCSS version 0.22.1-1-ga44c0e56f4 (webtiles) character file.

3448 MuseOD the Unseen (level 9, -5/47 HPs)
             Began as a Spriggan Enchanter on Sept 26, 2018.
             Was a High Priest of Dithmenos.
             Slain by a dream sheep (18 damage)
             ... in the Dungeon (Sprint VII: "The Pits").
             The game lasted 00:04:42 (1138 turns).

MuseOD the Unseen (Spriggan Enchanter)              Turns: 1138, Time: 00:04:43

Health: -5/47      AC:  4    Str:  4    XL:     9   Next: 77%
Magic:  18/27      EV: 18    Int: 20    God:    Dithmenos [*****.]
Gold:   0          SH:  0    Dex: 16    Spells: 22/34 levels left

rFire    . . .     SeeInvis +   u - +2 rapier (elec)
rCold    + . .     Gourm    .   (shield restricted)
rNeg     . . .     Faith    .   p - +2 robe {rC+}
rPois    .         Spirit   .   (helmet restricted)
rElec    .         Reflect  .   (no cloak)
rCorr    .         Harm     .   (gloves unavailable)
MR       +....     NoTele   +   (boots unavailable)
Stlth    ++++++++++             (no amulet)
HPRegen  0.15/turn              (no ring)
MPRegen  0.20/turn              (no ring)

@: sleeping, very slightly contaminated, wreathed by umbra, very quick
A: very small, unfitting armour, see invisible, herbivore, speed 3, slow
metabolism 2
a: Shadow Step, Shadow Form, Renounce Religion


You were in the Dungeon.
You worshipped Dithmenos.
Dithmenos was extremely pleased with you.
You were not hungry.

You visited 1 branch

Inventory:

Hand Weapons
 c - a +2 dagger
 u - a +2 rapier of electrocution (weapon)
Armour
 b - a +0 robe
 p - a +2 robe of cold resistance (worn)
Jewellery
 q - a +3 ring of protection
 r - a +3 ring of evasion
Scrolls
 l - 3 scrolls of remove curse
 m - 5 scrolls of amnesia
 n - a scroll of summoning
Potions
 e - 9 potions of curing
 f - 12 potions of heal wounds
 g - a potion of haste
 h - 4 potions of magic
 i - 2 potions of berserk rage
 k - 2 potions of invisibility
 s - a potion of resistance
 t - 2 potions of agility
Comestibles
 d - 9 rations


   Skills:
 - Level 5.1 Fighting
 - Level 9.8 Short Blades
 - Level 3.0 Dodging
 + Level 18.5 Stealth
 + Level 13.1 Spellcasting
 + Level 13.3 Hexes


You had 22 spell levels left.
You knew the following spells:

 Your Spells              Type           Power        Failure   Level  Hunger
a - Corona                Hex            ######.      1%          1    None
b - Ensorcelled Hibernat  Hex/Ice        #####.       1%          2    None
c - Confuse               Hex            ######..     1%          3    None
d - Dazzling Spray        Conj/Hex       #####.       1%          3    None
e - Tukima's Dance        Hex            ######..     1%          3    None

Your spell library contained the following spells:

 Spells                   Type           Power        Failure   Level  Hunger


Dungeon Overview and Level Annotations

Branches:
Dungeon (1/1)

Altars:
Ashenzari
Cheibriados
Dithmenos
Elyvilon
Fedhas
Gozag
Hepliaklqana
Kikubaaqudgha
Makhleb
Nemelex Xobeh
Okawaru
Qazlal
Ru
Sif Muna
Trog
Uskayaw
Vehumet
Wu Jian
Xom
Yredelemnul
Zin
The Shining One
Beogh
Jiyva
Lugonu


Innate Abilities, Weirdness & Mutations

You are very small and have problems with some larger weapons.
You are too small for most types of armour.
You have supernaturally acute eyesight. (SInv)
You are a herbivore.
You cover ground extremely quickly.
You need to consume almost no food.


Message History

The dream sheep appears confused.
Your shadow mimicks your spell!
The dream sheep resists with some effort.
The dream sheep ruffle their wool and motes of dream dust sparkle, to no
Casting: Confuse (safe; 1% risk of failure)
Confirm with . or Enter, or press ? or * to list all spells.
Aiming: Confuse (safe; 1% risk of failure)
Press: ? - help, Shift-Dir - straight line, f/p - dream sheep
Aim: a dream sheep (confused, umbra, chance to defeat MR: 69%)
The dream sheep appears confused.
Your shadow mimicks your spell!
The dream sheep resists with some effort.
The dream sheep bites the dream sheep!
The dream sheep shake their wool and sparkle.
You feel drowsy...
You fall asleep.
The dream sheep bites the komodo dragon!
The dream sheep "Baaaas" sleepily.
The dream sheep bites the dream sheep.
The dream sheep barely misses you. The dream sheep bites you!!
You die...

............#
..#..#......#
............+
............+
..#..#......#
............#
#####''##### ...##''#
##### ########
...##..###...###@YYY§.#
...##...##...##.Y##l§§#
...###...##+##..###.§§+
...# ##).).......##.Yl#
...###..###+###...##+##
...##..##


.Wh ##..# #####..+ oohoh +..+ #####..##o.o..##..# .[[###..###+###...# You could
see a komodo dragon and 4 dream sheep.

Vanquished Creatures
  Josephine (D)
  An orc sorcerer (D)
  A smoke demon (D)
  A spiny frog (D)
  A hellwing (D)
  A bog body (D)
  A flying skull (D)
  A redback (D)
  A hungry ghost (D)
  2 soldier ants (D)
  2 floating eyes (D)
  A sky beast (D)
  A black bear (D)
  A crocodile (D)
  2 big kobolds (D)
  A jelly (D)
  2 iron imps (D)
  Terence (D)
  Jessica (D)
  A gnoll (D)
  An adder (D)
  An ufetubus (D)
  An adder skeleton (D)
  2 leopard geckos (D)
  A bat (D)
  A jackal (D)
  A quokka (D)
  A ball python (D)
33 creatures vanquished.

Vanquished Creatures (others)
  A bone dragon (D)
  A Tzitzimitl (D)
  A deep elf blademaster (D)
  An iron dragon (D)
  A minotaur (D)
  A soul eater (D)
6 creatures vanquished.

Grand Total: 39 creatures vanquished

Notes
Turn   | Place    | Note
-------+----------+-------------------------------------------
     0 | D        | MuseOD the Spriggan Enchanter began the quest for the Orb.
     0 | D        | Reached XP level 1. HP: 9/9 MP: 5/5
    17 | D        | Killed a deep elf blademaster
    19 | D        | Killed a Tzitzimitl
    20 | D        | Killed a soul eater
    21 | D        | Reached skill level 1 in Fighting
    21 | D        | Reached skill level 5 in Stealth
    21 | D        | Reached XP level 2. HP: 13/14 MP: 6/6
    28 | D        | Found a bloodstained altar of Trog.
    28 | D        | Found a deep blue altar of Sif Muna.
    28 | D        | Found a viscous altar of Jiyva.
    28 | D        | Found a hazy altar of Hepliaklqana.
    28 | D        | Found an opulent altar of Gozag.
    29 | D        | Found a glowing golden altar of the Shining One.
    29 | D        | Found a glowing silver altar of Zin.
    29 | D        | Found a basalt altar of Yredelemnul.
    29 | D        | Found a shimmering altar of Xom.
    29 | D        | Found an ornate altar of the Wu Jian Council.
    29 | D        | Found a sacrificial altar of Ru.
    29 | D        | Found a stormy altar of Qazlal.
    29 | D        | Found an iron altar of Okawaru.
    29 | D        | Found a sparkling altar of Nemelex Xobeh.
    29 | D        | Found a burning altar of Makhleb.
    29 | D        | Found a blossoming altar of Fedhas.
    29 | D        | Found a white marble altar of Elyvilon.
    29 | D        | Found a shadowy altar of Dithmenos.
    29 | D        | Found a snail-covered altar of Cheibriados.
    29 | D        | Killed a minotaur
    31 | D        | Found a radiant altar of Vehumet.
    31 | D        | Found a corrupted altar of Lugonu.
    31 | D        | Found a roughly hewn altar of Beogh.
    32 | D        | Found a hide-covered altar of Uskayaw.
    32 | D        | Found an ancient bone altar of Kikubaaqudgha.
    32 | D        | Found a shattered altar of Ashenzari.
    37 | D        | Became a worshipper of Dithmenos the Shadowed
    73 | D        | Learned a level 2 spell: Ensorcelled Hibernation
   119 | D        | Killed an iron dragon
   140 | D        | Reached * piety under Dithmenos
   140 | D        | Reached skill level 6 in Stealth
   146 | D        | Killed a bone dragon
   164 | D        | Noticed a floating eye
   164 | D        | Noticed a flying skull
   167 | D        | Killed a floating eye
   167 | D        | Reached skill level 8 in Stealth
   167 | D        | Reached XP level 3. HP: 21/21 MP: 2/8
   167 | D        | Reached XP level 4. HP: 25/25 MP: 2/9
   171 | D        | Killed a flying skull
   171 | D        | Reached ** piety under Dithmenos
   171 | D        | Reached skill level 5 in Fighting
   171 | D        | Reached skill level 10 in Stealth
   171 | D        | Reached XP level 5. HP: 30/30 MP: 2/10
   171 | D        | Reached XP level 6. HP: 35/35 MP: 2/11
   285 | D        | Learned a level 3 spell: Confuse
   289 | D        | Learned a level 3 spell: Dazzling Spray
   357 | D        | Noticed Jessica
   358 | D        | Noticed a floating eye
   364 | D        | Killed Jessica
   364 | D        | Reached *** piety under Dithmenos
   364 | D        | Reached skill level 11 in Stealth
   370 | D        | Paralysed by a floating eye for 4 turns
   374 | D        | Killed a floating eye
   374 | D        | Reached skill level 12 in Stealth
   374 | D        | Reached skill level 5 in Spellcasting
   374 | D        | Reached skill level 5 in Hexes
   522 | D        | Reached XP level 7. HP: 39/39 MP: 9/17
   527 | D        | Learned a level 3 spell: Tukima's Dance
   580 | D        | Reached **** piety under Dithmenos
   607 | D        | Noticed Josephine
   609 | D        | Killed Josephine
   609 | D        | Reached skill level 15 in Stealth
   609 | D        | Reached XP level 8. HP: 43/43 MP: 17/22
   613 | D        | Reached skill level 10 in Hexes
   615 | D        | Reached ***** piety under Dithmenos
   617 | D        | Reached skill level 10 in Spellcasting
   648 | D        | Noticed a bog body
   650 | D        | Killed a bog body
   650 | D        | Reached skill level 16 in Stealth
   760 | D        | Noticed Terence
   761 | D        | Noticed an orc sorcerer
   767 | D        | Killed an orc sorcerer
   767 | D        | Reached XP level 9. HP: 47/47 MP: 11/25
   769 | D        | Killed Terence
   772 | D        | Reached skill level 17 in Stealth
   973 | D        | Noticed a smoke demon
   976 | D        | Killed a smoke demon
   990 | D        | Noticed a spiny frog
  1001 | D        | Killed a spiny frog
  1001 | D        | Reached ****** piety under Dithmenos
  1001 | D        | Reached skill level 18 in Stealth
  1014 | D        | Noticed a hellwing
  1016 | D        | Killed a hellwing
  1021 | D        | Noticed an orc high priest
  1021 | D        | Noticed an orc sorcerer
  1021 | D        | Noticed a freezing wraith
  1130 | D        | Noticed a komodo dragon
  1138 | D        | Slain by a dream sheep

Skill      XL: |  1  2  3  4  5  6  7  8  9 |
---------------+----------------------------+-----
Fighting       | 1 3 5 |  5.1
Short Blades   | 3 7 9 |  9.8
Stealth        | 5 8 10 12 15 16 18 | 18.5
Spellcasting   | 6 9 11 13 | 13.1
Hexes          | 7 9 11 13 | 13.3
Dodging        | |  3.0

Action                   |  1- 3 |  4- 6 |  7- 9 || total
-------------------------+-------+-------+-------++-------
Melee: Dagger            |    13 |    21 |    11 ||    45
       Rapier            |       |       |    11 ||    11
 Cast: Ensorcelled Hiber |     3 |    11 |     6 ||    20
       Confuse           |       |       |     8 ||     8
       Dazzling Spray    |       |       |     2 ||     2
Invok: Shadow Step       |       |       |     2 ||     2
  Use: Potion            |     1 |       |       ||     1
       Scroll            |       |       |     1 ||     1
 Stab: Sleeping          |     5 |     5 |    14 ||    24
       Confused          |       |       |     3 ||     3
Armor: Robe              |       |     2 |     1 ||     3
Dodge: Dodged            |     2 |    18 |    11 ||    31
